Map: Dusk Towers

Players

poizon

  • Race: Protoss Protoss
  • League: Platinum

LilDicky - Winner!

  • Race: Terran Terran
  • League: Diamond

VOD

http://www.twitch.tv/tumescentpie

Description

Time

  • Played on: Nov. 25, 2015, 10:47 p.m.
  • Length: 6:10
Show
View Real Time Build Order
Export as new Build Order

poizon Protoss 

Build Orders:  

Get SALT Encoding   

  12  0:01  Probe (Chrono Boost)  
  13  0:11  Probe (Chrono Boost)  
  14  0:23  Pylon  
  15  0:28  Probe (Chrono Boost)  
  15  0:45  Gateway  
  15  0:46  Probe (Chrono Boost)  
  16  0:50  Gateway  
  16  0:56  Probe (Chrono Boost)  
  17  0:59  Assimilator  
  17  1:07  Probe (Chrono Boost)  
  18  1:17  Probe (Chrono Boost)  
  19  1:28  Probe (Chrono Boost)  
  20  1:33  Cybernetics Core  
  20  1:39  Probe (Chrono Boost)  
  21  1:54  Nexus  
  21  2:02  Pylon  
  21  2:16  Adept  
  21  2:17  Warp Gate  
  21  2:20  Adept  
  25  2:25  Assimilator  
  25  2:32  Probe (Chrono Boost)  
  26  2:43  Probe (Chrono Boost)  
  27  2:47  Stalker (Chrono Boost)  
  27  2:48  Stalker (Chrono Boost)  
  31  3:11  Probe  
  32  3:24  Adept (Chrono Boost)  
  32  3:25  Adept (Chrono Boost)  
  36  3:31  Robotics Facility  
  36  3:32  Gateway  
  36  3:37  Probe x2  
  38  3:49  Probe  
  38  3:51  Stalker (Chrono Boost)  
  38  3:52  Stalker (Chrono Boost)  
  43  4:03  Probe x2  
  43  4:08  Pylon  
  45  4:26  Warp Prism (Chrono Boost)  
  45  4:27  Probe  
  45  4:29  Assimilator  
  48  4:32  Assimilator  
  48  4:33  Pylon  
  48  4:43  Probe  
  49  4:51  Probe (Chrono Boost)  
  50  4:55  Probe (Chrono Boost)  
  51  5:03  Probe (Chrono Boost)  
  51  5:06  Probe (Chrono Boost)  
  53  5:13  Probe (Chrono Boost)  
  46  5:16  Probe (Chrono Boost)  
  46  5:19  Immortal (Chrono Boost)  
  51  5:21  Zealot x2  
  51  5:22  Mothership Core, Zealot  
  51  5:28  Probe  
  60  5:34  Gateway  
  60  5:42  Stalker  
  62  6:02  Stalker x2  
Show
View Real Time Build Order
Export as new Build Order

LilDicky Terran - Winner!

Build Orders: MMM Bio 

Get SALT Encoding   

  12  0:01  SCV  
  13  0:13  SCV  
  14  0:18  Supply Depot  
  14  0:25  SCV  
  15  0:36  Refinery  
  15  0:39  SCV  
  16  0:45  Barracks  
  16  0:51  SCV  
  17  1:03  SCV  
  18  1:16  SCV  
  19  1:28  SCV  
  19  1:32  Supply Depot  
  20  1:39  Marine  
  21  1:42  Factory  
  21  1:43  Orbital Command  
  21  1:57  Marine  
  21  1:59  Barracks  
  22  2:03  Barracks  
  22  2:15  Barracks Reactor  
  22  2:16  SCV  
  22  2:20  Refinery  
  23  2:28  SCV  
  24  2:41  SCV  
  24  2:42  Supply Depot  
  24  2:43  Widow Mine  
  27  2:50  Barracks Tech Lab  
  27  2:51  Barracks Tech Lab  
  27  2:57  Marine x2  
  27  2:58  SCV  
  30  3:06  Supply Depot  
  30  3:10  Stimpack  
  30  3:11  Marine x2  
  32  3:15  Marine  
  32  3:19  Combat Shields  
  31  3:21  Marine  
  32  3:30  Marauder  
  32  3:32  Supply Depot  
  35  3:34  Marauder  
  35  3:37  SCV  
  37  3:41  Marine x2  
  38  4:00  Marauder, Marine x2  
  38  4:01  Marauder  
  45  4:06  Starport  
  45  4:11  Supply Depot  
  45  4:13  SCV  
  45  4:18  Marine  
  46  4:25  Marine, Marauder  
  46  4:27  SCV  
  51  4:34  Supply Depot  
  50  4:38  Marine x2  
  50  4:39  SCV  
  50  4:43  Medivac  
  55  4:48  Marauder  
  55  4:49  Concussive Shells  
  57  5:02  Marauder, Marine  
  60  5:09  Marauder  
  60  5:17  Medivac  
  64  5:28  Marauder, Marine  
  64  5:29  Marine  
  64  5:31  Marauder  
  68  5:35  Supply Depot  
  71  5:42  SCV  
Tags
 
Add a new tag
Caveats
  • Supply blocks, unpowered buildings, or Contaminate may cause inaccurate times.
  • Supply counts are checked every 10 seconds.